 Dungeon Crawl Stone Soup version 0.28.0-53-g5a82cb258f (webtiles) character file.

Game seed: 12928659064873447092

9057 selky the Protected (level 11, -25/100 HPs)
             Began as a Deep Dwarf Fighter on July 2, 2022.
             Was a Priest of Makhleb.
             Annihilated by a boulder beetle (48 damage)
             ... on level 11 of the Dungeon.
             The game lasted 00:16:08 (9510 turns).

selky the Protected (Deep Dwarf Fighter)            Turns: 9510, Time: 00:16:09

Health: -25/100    AC: 14    Str: 24      XL:     11   Next: 18%
Magic:  1/1        EV: 25    Int:  6 (9)  God:    Makhleb [***...]
Gold:   762        SH:  0    Dex: 17 (20) Spells: 10/10 levels left

rFire   . . .      SeeInvis .   p - +3 dagger (venom)
rCold   + + .      Faith    .   (no shield)
rNeg    . . .      Spirit   .   n - +4 ring mail "Apaceich" {*Corrode +Inv rPois rC++}
rPois   +          Reflect  .   (no helmet)
rElec   .          Harm     .   R - +0 cloak
rCorr   .          Rampage  .   H - +0 pair of gloves
Will    ++...      Clarity  +   (no boots)
Stlth   +.........              j - amulet of the acrobat
HPRegen 0.00/turn               E - +6 ring of dexterity
MPRegen 0.07/turn               w - ring of willpower

@: acrobatic
A: damage resistance, heal wounds, sense surroundings 2, no regeneration, talons
1, agile 1, clarity, mutation resistance 1
a: Heal Wounds, Renounce Religion, Evoke Invisibility, Minor Destruction, Lesser
Servant of Makhleb


You were on level 11 of the Dungeon.
You worshipped Makhleb.
Makhleb was most pleased with you.
You visited 4 branches of the dungeon, and saw 14 of its levels.

You collected 1357 gold pieces.
You spent 595 gold pieces at shops.

Inventory:

Hand Weapons
 a - a +0 war axe
 e - a +0 dagger of electrocution
 p - a +3 dagger of venom (weapon)
 q - a +4 flail of protection
Armour
 c - a +0 buckler
 n - the +4 ring mail "Apaceich" (worn) {*Corrode +Inv rPois rC++}
   (You bought it in a shop on level 8 of the Dungeon)

   rC:        It greatly protects you from cold.
   rPois:     It protects you from poison.
   +Inv:      It lets you turn invisible.
   *Corrode:  It may corrode you when you take damage.
 D - a +0 plate armour
 H - a +0 pair of gloves (worn)
 R - a +0 cloak (worn)
Jewellery
 h - a ring of ice
 j - an amulet of the acrobat (around neck)
 m - an amulet of guardian spirit
 w - a ring of willpower (right hand)
 E - a +6 ring of dexterity (left hand)
 J - a +6 ring of intelligence
 N - a +6 ring of intelligence
Wands
 b - a wand of charming (4)
 u - a wand of iceblast (26)
 x - a wand of flame (26)
 B - a wand of paralysis (12)
 I - a wand of polymorph (14)
Scrolls
 f - 3 scrolls of teleportation
 l - a scroll of enchant weapon
 r - a scroll of holy word
 v - a scroll of enchant armour
 y - a scroll of fear
 C - a scroll of immolation
 G - 2 scrolls of fog
 K - 2 scrolls of blinking
 L - 2 scrolls of magic mapping
Potions
 d - 2 potions of might
 g - a potion of brilliance
 i - 2 potions of magic
 k - 3 potions of degeneration
 o - 4 potions of mutation
 t - 2 potions of attraction
 A - a potion of haste
Miscellaneous
 O - a phial of floods


   Skills:
 * Level 7.1 Fighting
 - Level 10.0 Short Blades
 + Level 2.9 Axes
 * Level 12.0 Armour
 + Level 3.3 Shields
 * Level 6.1 Evocations


You had 10 spell levels left.
You didn't know any spells.
Your spell library contained the following spells:

 Spells                   Type           Power      Damage    Failure   Level
 Magic Dart               Conj           0%         1d3       56%         1
 Call Imp                 Summ           0%         N/A       71%         2
 Mephitic Cloud           Conj/Pois/Air  0%         N/A       91%         3
 Portal Projectile        Hex/Tloc       0%         N/A       91%         3
 Animate Armour           Summ/Erth      0%         N/A       100%        4
 Animate Dead             Necr           0%         N/A       100%        4
 Blade Hands              Tmut           0%         N/A       100%        5
 Excruciating Wounds      Necr           0%         N/A       100%        5
 Iron Shot                Conj/Erth      0%         9d1       100%        6
 Haunt                    Necr/Summ      0%         N/A       100%        7
 Infestation              Necr           0%         N/A       100%        8


Dungeon Overview and Level Annotations

Branches:
Dungeon (11/15)            Temple (1/1) D:4            Lair (1/6) D:10
    Orc (1/2) D:9

Altars:
Ashenzari
Cheibriados
Dithmenos
Elyvilon
Fedhas
Gozag
Hepliaklqana
Kikubaaqudgha
Makhleb
Nemelex Xobeh
Okawaru
Qazlal
Ru
Sif Muna
Trog
Uskayaw
Vehumet
Wu Jian
Xom
Yredelemnul
Zin
The Shining One

Shops:
D:8 *

Annotations:
Orc:1 Maurice


Innate Abilities, Weirdness & Mutations

You are resistant to damage.
You can heal yourself by infusing magical energy.
You passively map the area around you.
You do not regenerate.
You have sharp toenails.
You are agile. (Dex +2)
You possess an exceptional clarity of mind.
You are somewhat resistant to further mutation.


Message History

Okay, then.
You see here a +0 ring mail.
You now have 728 gold pieces (gained 14).
d - 2 potions of might (gained 1)
K - 2 scrolls of blinking (gained 1)
Found a stone staircase leading down.
You now have 749 gold pieces (gained 21).
There is a stone staircase leading down here.
You now have 762 gold pieces (gained 13).
A boulder beetle comes into view.
Found a stone staircase leading down.
A boulder beetle is nearby!
A boulder beetle is nearby!
You hit the boulder beetle but do no damage.
The boulder beetle is poisoned.
The boulder beetle bites you!
Your corrosive artefact corrodes you!
The boulder beetle leaps!
The boulder beetle closely misses you.
You barely miss the boulder beetle.
You claw the boulder beetle, but do no damage.
The boulder beetle is moderately wounded.
You barely miss the boulder beetle.
You claw the boulder beetle, but do no damage.
The boulder beetle is moderately wounded.
The boulder beetle looks more healthy.
The boulder beetle bites you!
The boulder beetle leaps!
You are no longer corroded.
The boulder beetle completely misses you.
You hit the boulder beetle but do no damage.
The boulder beetle is poisoned.
You claw the boulder beetle, but do no damage.
The boulder beetle is moderately wounded.
You barely miss the boulder beetle.
You claw the boulder beetle, but do no damage.
The boulder beetle is moderately wounded.
The boulder beetle bites you!!
* * * LOW HITPOINT WARNING * * *
The boulder beetle curls into a ball and begins rolling!
The boulder beetle hits you!!!
You die...

** ,, * ** **#### ,,
, ..#
**,.###.####### *#.#
.........°.#####.###
*
.###.#####°○B@.....#
* #######.#.# *
#.#># * , #.#.# * *
#>#.# * ### #.#.# ,
, ..# ####.#.# * *
#.# #....#.# #.#
##.####


You could see a boulder beetle (rolling, poisoned).

Vanquished Creatures
  Harold (D:9)
  A two-headed ogre (D:10)
  A cane toad (D:10)
  A gargoyle (D:11)
  A kobold demonologist (D:11)
  2 trolls (D:9)
  2 wraiths
  A wyvern (D:11)
  16 yaks
  Grum (D:9)
  A steam dragon (D:9)
  Menkaure (D:5)
  Edmund (D:4)
  A water moccasin (D:7)
  A sky beast (D:5)
  5 orc warriors
  An ogre (D:5)
  3 phantoms
  2 wolves (D:9)
  A kobold brigand (D:7)
  A wyvern zombie (D:8)
  2 bullfrogs
  12 killer bees
  3 wights (D:8)
  A howler monkey (D:9)
  3 centaur zombies
  A hound (D:5)
  2 jellies
  4 orc priests
  A bullfrog skeleton (D:5)
  A centaur skeleton (D:6)
  5 iguanas
  8 orc wizards
  Ijyb (D:5)
  A killer bee zombie (D:8)
  3 gnolls (D:2)
  8 adders
  A shadow imp (D:7)
  A worm (D:3)
  3 dart slugs
  41 orcs
  3 ball pythons
  A bat (D:2)
  3 endoplasms
  3 giant cockroaches
  4 goblins
  5 hobgoblins
  6 jackals (D:1)
  3 frilled lizards
  10 kobolds
  5 rats
190 creatures vanquished.

Notes
Turn   | Place    | Note
-------+----------+-------------------------------------------
     0 | D:1      | selky the Deep Dwarf Fighter began the quest for the Orb.
     0 | D:1      | Reached XP level 1. HP: 20/20 MP: 1/1
   563 | D:1      | Reached XP level 2. HP: 27/27 MP: 2/2
   597 | D:1      | Reached skill level 1 in Short Blades
   752 | D:2      | Reached XP level 3. HP: 20/33 MP: 3/3
  1010 | D:2      | Found a faded altar of an unknown god.
  1139 | D:3      | Reached XP level 4. HP: 33/40 MP: 4/4
  1543 | D:3      | Reached XP level 5. HP: 24/46 MP: 5/5
  2106 | D:4      | Found a staircase to the Ecumenical Temple.
  2128 | D:4      | Noticed Edmund
  2158 | D:4      | Killed Edmund
  2159 | D:4      | Reached skill level 5 in Short Blades
  2159 | D:4      | Reached XP level 6. HP: 28/55 MP: 6/6
  2172 | Temple   | Entered the Ecumenical Temple
  2419 | Temple   | Became a worshipper of Makhleb the Destroyer
  2779 | D:4      | Reached XP level 7. HP: 31/61 MP: 5/5
  2917 | D:5      | Entered Level 5 of the Dungeon
  3329 | D:5      | Found a broken altar of Ashenzari.
  3341 | D:5      | Noticed Menkaure
  3352 | D:5      | Killed Menkaure
  3369 | D:5      | Noticed Ijyb
  3387 | D:5      | Killed Ijyb
  3576 | D:5      | Reached XP level 8. HP: 54/68 MP: 5/5
  4431 | D:6      | Reached * piety under Makhleb
  5341 | D:7      | Reached skill level 10 in Short Blades
  5551 | D:8      | Reached skill level 4 in Armour
  5551 | D:8      | Reached skill level 1 in Evocations
  5655 | D:8      | Gained mutation: You passively map the area around you.
                  | [Deep Dwarf growth]
  5655 | D:8      | Reached XP level 9. HP: 51/76 MP: 4/4
  5803 | D:8      | Reached skill level 5 in Armour
  5992 | D:8      | Reached ** piety under Makhleb
  5993 | D:8      | Reached skill level 6 in Armour
  6080 | D:8      | Found Estisuah's Specific Store.
  6084 | D:8      | Found Eblizyclu's General Store.
  6167 | D:9      | Noticed a troll
  6185 | D:9      | Killed a troll
  6186 | D:9      | Reached skill level 7 in Armour
  6234 | D:9      | Noticed Harold
  6273 | D:9      | Killed Harold
  6274 | D:9      | Reached skill level 5 in Fighting
  6274 | D:9      | Reached skill level 8 in Armour
  6333 | D:9      | Found a staircase to the Orcish Mines.
  6589 | D:9      | Reached XP level 10. HP: 60/88 MP: 5/5
  6840 | D:9      | Noticed Grum
  6900 | D:9      | Killed Grum
  7131 | D:9      | Reached skill level 9 in Armour
  7393 | D:10     | Entered Level 10 of the Dungeon
  7615 | D:10     | Reached skill level 5 in Evocations
  7634 | D:10     | Reached skill level 10 in Armour
  7723 | D:10     | Noticed a two-headed ogre
  7746 | D:10     | Killed a two-headed ogre
  8019 | D:10     | Reached skill level 11 in Armour
  8071 | Orc:1    | Entered Level 1 of the Orcish Mines
  8071 | Orc:1    | Noticed Maurice
  8456 | D:10     | Found a staircase to the Lair.
  8481 | D:10     | Reached *** piety under Makhleb
  8482 | D:10     | Reached XP level 11. HP: 70/99 MP: 2/2
  8791 | Lair:1   | Entered Level 1 of the Lair of Beasts
  8797 | D:10     | Gained mutation: You have sharp toenails. [potion of
                  | mutation]
  8797 | D:10     | Gained mutation: You are agile. (Dex +2) [potion of
                  | mutation]
  8797 | D:10     | Gained mutation: You possess an exceptional clarity of
                  | mind. [potion of mutation]
  8797 | D:10     | Gained mutation: You are somewhat resistant to further
                  | mutation. [potion of mutation]
  8833 | D:10     | Identified a scroll of acquirement
  8840 | D:10     | Acquired 693 gold pieces
  8892 | D:8      | Bought the +4 ring mail "Apaceich" {*Corrode +Inv rPois
                  | rC++} for 595 gold pieces
  8967 | Lair:1   | Noticed an eight-headed hydra
  9363 | D:11     | Noticed a soul eater
  9366 | D:11     | Reached skill level 12 in Armour
  9487 | D:11     | Noticed a boulder beetle
  9510 | D:11     | Annihilated by a boulder beetle

Illustrated notes

Levels and vault maps discovered:
D:1:      amcnicky_arrival_choice, layout_basic,
          wander_ebering_terrifying_dragon_lair
D:2:      layout_basic, basic_ecumenical_altar
D:3:      layout_basic, hex_medium, minmay_misc_feat_enclosed
D:4:      layout_loops_ring, minmay_temple_entry_enclosed_plants, uniq_edmund
D:5:      layout_basic, old_standard_altar, uniq_menkaure, uniq_ijyb
D:6:      layout_loops_corners, hangedman_abyss_or_decor_passed, dk_vineyard_2,
          minmay_misc_feat_doors, nrook_mini_vaults
D:7:      layout_rooms
D:8:      layout_rooms, nicolae_specific_store
D:9:      layout_gridville, orc_0_dummy, uniq_grum, uniq_harold
D:10:     layout_loops_corners, lair_entry_dummy
D:11:     layout_loops_ring, ebering_ghost_reflecting_pool
Temple:   nicolae_temple_the_god_donut
Lair:1:   layout_layer_cave, lemuel_old_faithful, uniq_gastronok
Orc:1:    cheibrodos_orc_bank, layout_diamond_mine, uniq_maurice

Skill      XL: |  1  2  3  4  5  6  7  8  9 10 11 |
---------------+----------------------------------+-----
Short Blades   | 2 3 5 6 8 10 | 10.0
Fighting       | 3 5 6 7 |  7.1
Armour         | 4 8 11 12 | 12.0
Evocations     | 1 4 5 6 |  6.1
Axes           | |  2.9
Shields        | |  3.3

Action                   |  1- 3 |  4- 6 |  7- 9 | 10-12 || total
-------------------------+-------+-------+-------+-------++-------
Melee: War axe           |    14 |       |       |       ||    14
       Dagger            |    73 |   214 |   520 |   429 ||  1236
       Punch             |     1 |     2 |     9 |    20 ||    32
       Kick              |       |       |       |    35 ||    35
 Abil: Heal Wounds       |     1 |     5 |    18 |    14 ||    38
Evoke: Wand              |       |       |       |     1 ||     1
  Use: Potion            |       |       |       |    16 ||    16
       Scroll            |       |       |       |    11 ||    11
Armor: Scale mail        |    51 |    51 |    21 |       ||   123
       Plate armour      |       |       |   145 |   155 ||   300
       Ring mail         |       |       |       |    26 ||    26
Dodge: Dodged            |    57 |    65 |   106 |   116 ||   344
